 Dungeon Crawl Stone Soup version 0.29-a0-901-g46a8461d6a (webtiles) character file.

Game seed: 15772584627973557

201 Gwenloh the Shooter (level 6, 0/57 HPs)
             Began as a Kobold Hunter on July 23, 2022.
             Was an Initiate of Hepliaklqana.
             Slain by an ice beast (13 damage)
             ... on level 5 of the Dungeon.
             The game lasted 00:06:55 (3591 turns).

Gwenloh the Shooter (Kobold Hunter)                 Turns: 3591, Time: 00:06:55

Health: 0/57       AC: 23    Str: 10    XL:     6   Next: 7%
Magic:  6/6        EV:  3    Int: 10    God:    Hepliaklqana [......]
Gold:   122        SH:  0    Dex: 19    Spells: 5/5 levels left

rFire   . . .      SeeInvis .   a - +0 shortbow
rCold   . . .      Faith    .   (shield currently unavailable)
rNeg    . . .      Spirit   .   (body armour currently unavailable)
rPois   +          Reflect  .   (helmet currently unavailable)
rElec   .          Harm     .   (cloak currently unavailable)
rCorr   .          Rampage  .   (gloves currently unavailable)
Will    .....      NoTele   +   (boots currently unavailable)
Stlth   ++++......              (no amulet)
HPRegen 0.19/turn               n - +4 ring of evasion
MPRegen 0.10/turn               (no ring)

@: tree-form
A: stationary, stasis, torment immunity, boosted hp, small, no large weapons,
nightstalker 3
a: Renounce Religion


You were on level 5 of the Dungeon.
You worshipped Hepliaklqana.
Hepliaklqana was noncommittal.
You were a tree.
You visited 2 branches of the dungeon, and saw 6 of its levels.

You collected 122 gold pieces.

Inventory:

Hand Weapons
 a - a +0 shortbow (weapon)
 k - a +0 dagger
 l - a +2 dagger of flaming
Armour
 c - a +0 leather armour (melded)
Jewellery
 n - a +4 ring of evasion (left branch)
Wands
 o - a wand of paralysis (12)
 p - a wand of flame (21)
Scrolls
 b - 2 scrolls of immolation
 e - a scroll of teleportation {unknown}
 f - a scroll of enchant armour {unknown}
 m - a scroll of amnesia {unknown}
Potions
 d - a potion of resistance {unknown}
 g - a potion of flight {unknown}
 h - 2 potions of curing
 i - 2 potions of heal wounds {unknown}
 j - 2 potions of lignification
 q - a potion of brilliance {unknown}


   Skills:
 * Level 3.7 Fighting
 * Level 6.4 Ranged Weapons
 + Level 4.0 Dodging
 + Level 4.0 Stealth
 + Level 0.0 Invocations


You had 5 spell levels left.
You didn't know any spells.
Your spell library contained the following spells:

 Spells                   Type           Power      Damage    Failure   Level
 Necrotise                Necr           0%         1d4       36%         1
 Frozen Ramparts          Ice            0%         1d2       75%         3
 Vampiric Draining        Necr           0%         2d6       75%         3
 Ice Form                 Ice/Tmut       0%         N/A       98%         4
 Summon Ice Beast         Ice/Summ       0%         N/A       98%         4
 Agony                    Necr           0%         N/A       100%        5


Dungeon Overview and Level Annotations

Branches:
Dungeon (5/15)             Temple (1/1) D:5

Altars:
Ashenzari
Dithmenos
Elyvilon
Fedhas
Gozag
Hepliaklqana
Kikubaaqudgha
Nemelex Xobeh
Okawaru
Sif Muna
Trog
Uskayaw
Vehumet
Wu Jian
Xom
Zin
The Shining One


Innate Abilities, Weirdness & Mutations

You are a tree.
Your roots penetrate the ground, keeping you stationary.
You cannot be teleported.
You are immune to unholy pain and torment.
Your maximum health is greatly increased.
Your equipment is partially melded.
You are small and have problems with some larger weapons.
You are completely attuned to the shadows.


Message History

Found a stone staircase leading down.
An ice beast comes into view.
You shoot an arrow.
The arrow hits the ice beast but does no damage.
You shoot an arrow. The arrow barely misses the ice beast.
The ice beast misses you. The ice beast closely misses you.
You shoot an arrow. The arrow closely misses the ice beast.
The ice beast barely misses you.
You shoot an arrow.
The arrow hits the ice beast but does no damage.
The ice beast hits you but does no damage.
You shoot an arrow. The arrow barely misses the ice beast.
The ice beast barely misses you.
You shoot an arrow.
The arrow hits the ice beast but does no damage.
The ice beast barely misses you. x2
You shoot an arrow. The arrow hits the ice beast.
The ice beast is lightly wounded.
The ice beast hits you but does no damage.
You shoot an arrow. The arrow barely misses the ice beast.
The ice beast hits you. The ice beast freezes you!
You shoot an arrow. The arrow hits the ice beast!
The ice beast is heavily wounded.
The ice beast hits you. The ice beast freezes you!
The ice beast barely misses you.
You are too injured to fight recklessly!
You are too injured to fight recklessly!
You don't know any spells.
Okay, then.
Okay, then.
It was a potion of curing.
You feel better. The ice beast hits you. The ice beast freezes you!
* * * LOW HITPOINT WARNING * * *
The ice beast attacks as you move away! The ice beast barely misses you.
It was a potion of lignification.
You turn into a tree.
Your +0 leather armour melds into your body.
Your roots penetrate the ground.
The ice beast hits you.
* * * LOW HITPOINT WARNING * * *
The ice beast freezes you!
You die...

#†# ####.## ##'##
#.>.....# ##...##
#.####..# ##.....##
#.####..#
##.......###.##....#
##.........##.......####
.'.........'............
##.........####.Y.######
###.......## ##♣## #
##.....## #.# # ##...##
#.# # ##+## #.# # #.#
#.# # #.# # ##.##
#####...## .........#


You could see an ice beast.

Vanquished Creatures
  A jelly (D:4)
  A hound (D:5)
  2 orc wizards (D:2)
  4 adders
  A dart slug (D:1)
  8 orcs
  A giant cockroach (D:3)
  6 goblins
  2 hobgoblins (D:3)
  4 kobolds
  4 quokkas
  A ball python (D:2)
  6 bats
  A frilled lizard (D:2)
  6 rats
48 creatures vanquished.

Vanquished Creatures (others)
  12 fungi (D:4)
12 creatures vanquished.

Grand Total: 60 creatures vanquished

Notes
Turn   | Place    | Note
-------+----------+-------------------------------------------
     0 | D:1      | Gwenloh the Kobold Hunter began the quest for the Orb.
     0 | D:1      | Reached XP level 1. HP: 12/12 MP: 1/1
   670 | D:1      | Reached XP level 2. HP: 18/18 MP: 2/2
   885 | D:1      | Found a faded altar of an unknown god.
  1231 | D:2      | Reached XP level 3. HP: 17/22 MP: 3/3
  1276 | D:2      | Reached XP level 4. HP: 14/27 MP: 4/4
  1603 | D:2      | Reached skill level 6 in Ranged Weapons
  2216 | D:3      | Reached XP level 5. HP: 32/32 MP: 5/5
  2940 | D:5      | Entered Level 5 of the Dungeon
  2941 | D:5      | Noticed a black bear
  2969 | D:5      | Found a staircase to the Ecumenical Temple.
  2975 | Temple   | Entered the Ecumenical Temple
  3223 | Temple   | Became a worshipper of Hepliaklqana the Forgotten
  3349 | D:5      | Noticed an ogre
  3390 | D:5      | Reached XP level 6. HP: 30/38 MP: 6/6
  3566 | D:5      | Noticed an ice beast
  3591 | D:5      | Slain by an ice beast

Illustrated notes

Levels and vault maps discovered:
D:1:      onia_arrival_mini_spirals, layout_loops_corners,
          shapermc_ecumenical_altar_acropolis, chequers_serial_rivers_micro_b
D:2:      layout_loops_ring
D:3:      layout_loops_ring
D:4:      layout_basic, serial_aquarium, aquarium_bridge_long_separate
          [aquarium_subvault_bridge, aquarium_subvault_wall,
          aquarium_subvault_bridge, aquarium_subvault_bridge,
          aquarium_subvault_bridge, aquarium_subvault_window],
          aquarium_window_1, aquarium_window_1, aquarium_window_1,
          aquarium_window_1, aquarium_view_2c, small_statue_intersection
D:5:      layout_loops_corners, minmay_temple_entry_ruins
Temple:   minmay_crystal_spiral_temple

Skill      XL: |  1  2  3  4  5 |
---------------+----------------+-----
Stealth        | 2 3 4 |  4.0
Dodging        | 3 4 |  4.0
Fighting       | 3 |  3.7
Ranged Weapons | 6 |  6.4

Action                   |  1- 3 |  4- 6 || total
-------------------------+-------+-------++-------
 Fire: Shortbow          |    42 |    77 ||   119
  Use: Potion            |       |     2 ||     2
Armor: Leather armour    |     2 |     6 ||     8
Dodge: Dodged            |    12 |    23 ||    35

Table legend: (Time is in decaauts)
 A = Elapsed time spent in this place.
 B = Non-inter-level travel time spent in this place.
 C = Inter-level travel time spent in this place.
 D = Time resting spent in this place.
 E = Time spent auto-exploring this place.
 F = Levels seen in this place.
 G = Mean time per level.
                   A        B        C        D        E       F      G
               +--------+--------+--------+--------+--------+-----+--------+
         Total |   3621 |   3378 |    243 |     99 |   2900 |   6 |  603.5 |
       Dungeon |   3296 |   3185 |    111 |     99 |   2728 |   5 |  659.2 |
        Temple |    324 |    192 |    132 |      0 |    172 |   1 |  324.0 |
               +--------+--------+--------+--------+--------+-----+--------+

Top non-repeatable levels by time:
     D:2: 1126 daAuts
     D:1: 1064 daAuts
     D:3: 678 daAuts
     D:5: 329 daAuts
  Temple: 324 daAuts
     D:4: 96 daAuts
